 Dungeon Crawl Stone Soup version 0.31-a0-188-g5e087ee2ca (webtiles) character file.

Game seed: 14027442698135351721

23 qw the Shooter (level 2, -1/16 HPs)
             Began as a Deep Elf Hunter on June 23, 2023.
             Slain by a goblin
             ... wielding a +0 club
             ... led by Robin
              (4 damage)
             ... on level 2 of the Dungeon.
             The game lasted 00:00:16 (880 turns).

qw the Shooter (Deep Elf Hunter)                     Turns: 880, Time: 00:00:17

Health: -1/16      AC:  3    Str: 14    XL:     2   Next: 75%
Magic:  4/4        EV: 13    Int: 13    God:
Gold:   68         SH:  0    Dex: 24    Spells: 1/1 levels left

rFire   . . .        Y - +0 shortbow
rCold   . . .        (shield currently unavailable)
rNeg    . . .        c - +0 leather armour
rPois   .            (no helmet)
rElec   .            (no cloak)
rCorr   .            (no gloves)
SInv    .            (no boots)
Will    .....        (no amulet)
Stlth   ++           g - +6 ring of dexterity
HPRegen 0.22/turn    j - +6 ring of strength
MPRegen 0.09/turn

%: no passive effects
@: no status effects
A: no striking features
a: no special abilities


You were on level 2 of the Dungeon.
You visited 1 branch of the dungeon, and saw 2 of its levels.

You collected 68 gold pieces.


   Skills:
 - Level 1.5 Fighting
 + Level 6.5 Ranged Weapons
 - Level 2.4 Dodging
 - Level 1.2 Stealth


You had one spell level left.
You didn't know any spells.
Your spell library was empty.

Inventory:

Hand Weapons
 Y - a +0 shortbow (weapon)
Armour
 c - a +0 leather armour (worn)
Jewellery
 g - a +6 ring of dexterity (left hand)
 j - a +6 ring of strength (right hand)
Scrolls
 a - a scroll of identify
Potions
 i - a potion of heal wounds {unknown}

Dungeon Overview and Level Annotations

Branches:
Dungeon (2/15)

Altars:

Annotations:
D:2 Robin


Message History

The goblin shouts!
A goblin comes into view. It is wielding a +0 club.
You shoot an arrow. The arrow hits the goblin.
You kill the goblin!
You hear a shout! x2
You shoot an arrow. The arrow barely misses the goblin.
You shoot an arrow. The arrow barely misses the goblin.
You shoot an arrow. The arrow hits the goblin!
You kill the goblin!
Robin of the Strong Arm comes into view.
They are wielding a +0 dagger and wearing a +2 helmet of intelligence.
A goblin comes into view. It is wielding a +0 club.
You shoot an arrow. The arrow barely misses the goblin.
Robin shouts!
The goblin unwields a +0 club.
The goblin wields a +0 sling.
The goblin shoots a sling bullet.
The sling bullet hits you.
You shoot an arrow. The arrow closely misses the goblin.
The goblin shoots a sling bullet.
The sling bullet hits you.
You shoot an arrow. The arrow hits the goblin!
You kill the goblin!
The goblin shoots a sling bullet.
The sling bullet barely misses you.
You shoot an arrow. The arrow barely misses the goblin.
You shoot an arrow. The arrow barely misses the goblin.
A bat comes into view.
A hobgoblin comes into view.
The goblin misses you.
You shoot an arrow. The arrow hits Robin!
Robin is severely wounded.
The bat misses you.
The goblin unwields a +0 sling.
The goblin wields a +0 club.
The goblin closely misses you. Robin hits you with a +0 dagger.
The goblin hits you with a +0 club.
You shoot an arrow. The arrow hits Robin.
Robin is severely wounded.
The goblin hits you with a +0 club. The bat closely misses you.
A goblin comes into view. It is wielding a +0 dagger.
Robin misses you. The goblin hits you with a +0 club.
You shoot an arrow. The goblin shouts!
The arrow hits Robin.
Robin is almost dead.
The bat hits you. The goblin hits you with a +0 club.
You die...

.# .# .# ##.# g..# ####
.######g$# #...
...).)ggg############...
#@##....[.........
#.#...###.#####...
#####.#.#.###.# #...
..#.....b.#.....# ###.
........#####%### #.
###..##...#...# #.
#..####.#.### #.
...........# #.
###..######## #.


You could see Robin, a hobgoblin, 3 goblins and a bat.

Vanquished Creatures
  2 ball pythons (D:1)
  An endoplasm (D:1)
  2 giant cockroaches
  5 goblins
  A hobgoblin (D:1)
  4 kobolds (D:1)
  2 bats (D:1)
  A frilled lizard (D:1)
  4 rats
22 creatures vanquished.

Notes
Turn   | Place    | Note
-------+----------+-------------------------------------------
     0 | D:1      | qw the Deep Elf Hunter began the quest for the Orb.
     0 | D:1      | Reached XP level 1. HP: 12/12 MP: 3/3
     0 | D:1      | 0 ||| qw: Version: 0.3-a-9-g12657ce
     0 | D:1      | 0 ||| qw: Game counter: 3664
     0 | D:1      | 0 ||| qw: Always use a shield: true
     0 | D:1      | 0 ||| qw: God list: Okawaru
     0 | D:1      | 0 ||| qw: Allow faded altars: false
     0 | D:1      | 0 ||| qw: Do Orc after D:15 true
     0 | D:1      | 0 ||| qw: Do second Lair branch before Depths: true
     0 | D:1      | 0 ||| qw: Lair rune preference: random
     0 | D:1      | 0 ||| qw: Plans: Normal
     0 | D:1      | 0 ||| PLANNING D:1-11
   177 | D:1      | Reached skill level 6 in Ranged Weapons
   177 | D:1      | Reached XP level 2. HP: 16/16 MP: 4/4
   767 | D:1      | 767 ||| DROPPING +6 ring of intelligence.
   768 | D:1      | 768 ||| UPGRADING to +6 ring of dexterity.
   769 | D:1      | 769 ||| UPGRADING to +6 ring of strength.
   770 | D:1      | 770 ||| READING 2 scrolls labelled JEHULO HUYVO.
   771 | D:1      | 771 ||| READING scroll labelled GYXIXTA ZIBU.
   774 | D:1      | 774 ||| READING scroll labelled ISUMPOIRUXT.
   775 | D:1      | 775 ||| READING scroll labelled VOTREM GIXTYDD.
   776 | D:1      | 776 ||| DROPPING scroll of butterflies.
   806 | D:2      | 806 ||| STAIRDANCE
   872 | D:2      | Noticed Robin
   879 | D:2      | HP: 4/16 [goblin/+0 club[Robin] (2)]
   880 | D:2      | Slain by a goblin

Levels and vault maps discovered:
D:1:      dpeg_arrival_pits, layout_basic
D:2:      layout_loops_ring, serial_shops, shop, uniq_robin

Skill      XL: |  1 |
---------------+----+-----
Ranged Weapons | 6 |  6.5
Fighting       | |  1.5
Dodging        | |  2.4
Stealth        | |  1.2

Action                     || total
---------------------------++-------
   Fire: Shortbow          ||    57
    Use: Scroll            ||     4
 Armour: Leather armour    ||     6
  Dodge: Dodged            ||    18

Table legend:
 A = Non-vault XP
 B = Vault XP
 C = Vault XP percentage of total XP
 D = Non-vault monster count
 E = Vault monster count
 F = Vault count percentage of total count
                 A         B        C        D         E       F
            +---------+---------+-------+---------+---------+-------
      Total |      28 |       6 |  17.6 |      19 |       3 |  13.6
            +---------+---------+-------+---------+---------+-------
        D:1 |      24 |       0 |   0.0 |      16 |       0 |   0.0
        D:2 |       4 |       6 |  60.0 |       3 |       3 |  50.0
            +---------+---------+-------+---------+---------+-------
